 Dungeon Crawl Stone Soup version 0.30-a0-118-ga018f8e90f (webtiles) character file.

Game seed: 16589398737208281784

109914 flotson the Fighter (level 16, 129/129 HPs)
             Began as a Demonspawn Delver on Sept 11, 2022.
             Was an Initiate of Gozag.
             Quit the game on level 14 of the Dungeon on Sept 14, 2022.
             The game lasted 00:56:01 (31533 turns).

flotson the Fighter (Demonspawn Delver)            Turns: 31533, Time: 00:56:01

Health: 129/129    AC: 28    Str: 22    XL:     16   Next: 6%
Magic:  25/25      EV: 11    Int: 15    God:    Gozag
Gold:   1264       SH: 11    Dex: 14    Spells: 15/15 levels left

rFire   + . .      SeeInvis +    N - +5 long sword (distort)
rCold   + . .      Faith    .    W - +1 kite shield {AC+3}
rNeg    . . .      Spirit   +    F - +7 chain mail of the Hidden Vale {Rampage Will++ Dex-2 SInv}
rPois   +          Reflect  .    H - +2 hat
rElec   .          Harm     .    P - scarf {rC+ rF+}
rCorr   .          Rampage  +    u - +0 pair of gloves {Str+3}
Will    ++++.                    (no boots)
Stlth   ..........               S - amulet "Bominout" {Spirit Will+ MP+9 Int+3 SInv}
HPRegen 0.31/turn                D - ring of poison resistance
MPRegen 0.38/turn                Z - +4 ring of slaying

@: no status effects
A: hooves 2, slimy green scales 2, ignite blood 2, magic regeneration
a: Renounce Religion, Potion Petition, Call Merchant, Bribe Branch


You were on level 14 of the Dungeon.
You worshipped Gozag.
Gozag was most pleased with you.
You visited 6 branches of the dungeon, and saw 25 of its levels.
You also visited: Sewer and Ice Cave.

You collected 7490 gold pieces.
You spent 4074 gold pieces at shops.
You paid 2152 gold pieces to Gozag.

Inventory:

Hand Weapons
 N - a +5 long sword of distortion (weapon)
Missiles
 e - 3 atropa-tipped darts
 f - 4 javelins
 y - 7 curare-tipped darts (quivered)
 Q - 6 throwing nets
Armour
 u - a +0 pair of gloves of strength (worn)
 F - the +7 chain mail of the Hidden Vale (worn) {Rampage Will++ Dex-2 SInv}
   (You found it on level 5 of the Lair of Beasts)

   Dex:       It affects your dexterity (-2).
   SInv:      It lets you see invisible.
   Rampage:   It bestows one free step when moving towards enemies.
   Will:      It greatly increases your willpower.
 H - a +2 hat (worn)
 I - the +4 skin of Zhor {*Englaciate rC+++ SInv}
   (You found it on level 7 of the Dungeon)

   It radiates cold, occasionally slowing all nearby creatures who are not
   resistant to cold.
   rC:        It renders you almost immune to cold.
   SInv:      It lets you see invisible.
 P - a scarf of resistance (worn)
 W - a +1 kite shield of protection (worn)
Jewellery
 n - a ring of protection from fire
 D - a ring of poison resistance (left hand)
 S - the amulet "Bominout" (around neck) {Spirit Will+ MP+9 Int+3 SInv}
   (You bought it in a shop on level 2 of the Orcish Mines)

   [amulet of guardian spirit]

   It causes incoming damage to be divided between your reserves of health and
   magic.
   Int:       It affects your intelligence (+3).
   MP:        It affects your magic capacity (+9).
   SInv:      It lets you see invisible.
   Will:      It increases your willpower.
 Z - a +4 ring of slaying (right hand)
Wands
 b - a wand of flame (31)
 g - a wand of digging (3)
 s - a wand of mindburst (3)
 v - a wand of charming (12)
 K - a wand of polymorph (6)
 T - a wand of iceblast (3)
Scrolls
 c - a scroll of fog
 d - a scroll of acquirement {unknown}
 i - 5 scrolls of butterflies
 j - 2 scrolls of brand weapon {unknown}
 l - 2 scrolls of torment
 r - 5 scrolls of blinking
 w - 6 scrolls of immolation
 A - 3 scrolls of teleportation
 E - 4 scrolls of vulnerability
 G - 3 scrolls of magic mapping
 M - 3 scrolls of fear
 O - 4 scrolls of poison
 R - 2 scrolls of summoning
 U - 3 scrolls of silence
Potions
 h - a potion of invisibility
 k - 5 potions of heal wounds
 m - 10 potions of curing
 o - a potion of ambrosia
 p - 4 potions of flight
 q - 3 potions of mutation
 t - 2 potions of might
 x - a potion of resistance
 z - 4 potions of haste
 J - 5 potions of lignification
 V - a potion of cancellation
 X - 2 potions of attraction
Miscellaneous
 a - a piece from Xom's chessboard (15/15)
 B - a condenser vane
 C - a phial of floods
 L - a box of beasts
 Y - a lightning rod (4/4)


   Skills:
 + Level 12.4 Fighting
 - Level 8.8 Long Blades
 * Level 4.0(4.3) Axes
 - Level 2.5(3.6) Maces & Flails
 - Level 10.8 Throwing
 + Level 11.1 Armour
 + Level 11.3 Dodging
 - Level 4.5 Stealth
 - Level 7.5 Shields
 - Level 11.7 Evocations


You had 15 spell levels left.
You didn't know any spells.
Your spell library contained the following spells:

 Spells                   Type           Power      Damage    Failure   Level
 Apportation              Tloc           0%         N/A       98%         1
 Necrotise                Necr           0%         1d4       98%         1
 Summon Small Mammal      Summ           0%         N/A       98%         1
 Cigotuvi's Dreadful Rot  Necr/Pois/Air  0%         N/A       99%         2
 Ensorcelled Hibernation  Hex/Ice        0%         N/A       99%         2
 Poisonous Vapours        Pois/Air       0%         N/A       99%         2
 Call Canine Familiar     Summ           0%         N/A       100%        3
 Dazzling Flash           Conj/Hex       0%         N/A       100%        3
 Ignite Poison            Fire/Tmut/Pois 0%         N/A       100%        3
 Spider Form              Tmut/Pois      0%         N/A       100%        3
 Summon Guardian Golem    Hex/Summ       0%         N/A       100%        3
 Anguish                  Hex/Necr       0%         N/A       100%        4
 Dispel Undead            Necr           0%         3d6       100%        4
 Fulminant Prism          Conj/Hex       0%         3d6       100%        4
 Hailstorm                Conj/Ice       0%         3d3       100%        4
 Ice Form                 Ice/Tmut       0%         N/A       100%        4
 Iskenderun's Mystic Bla  Conj/Tloc      0%         2d3       100%        4
 Olgreb's Toxic Radiance  Pois           0%         N/A       100%        4
 Sticky Flame             Conj/Fire      0%         2d3       100%        4
 Alistair's Intoxication  Tmut/Pois      0%         N/A       100%        5
 Lee's Rapid Deconstruct  Erth           0%         3d5*      100%        5
 Summon Forest            Summ/Tloc      0%         N/A       100%        5
 Summon Mana Viper        Hex/Summ       0%         N/A       100%        5
 Death Channel            Necr           0%         N/A       100%        6
 Starburst                Conj/Fire      0%         6d3       100%        6
 Summon Cactus Giant      Summ           0%         N/A       100%        6
 Necromutation            Tmut/Necr      0%         N/A       100%        8
 Simulacrum               Ice/Necr       Unusable   N/A       N/A         6

Dungeon Overview and Level Annotations

Branches:
Dungeon (15/15)            Temple (1/1) D:6            Lair (5/5) D:9
  Swamp (0/4) Lair:2        Snake (1/4) Lair:3        Slime (0/5) Lair:5
    Orc (2/2) D:11            Elf (1/3) Orc:2        Vaults (0/5) D:14
 Depths (0/4) D:15          Sewer (visited)           IceCv (visited)

Altars:
Ashenzari
Cheibriados
Dithmenos
Fedhas
Gozag
Hepliaklqana
Makhleb
Nemelex Xobeh
Okawaru
Ru
Trog
Uskayaw
Vehumet
Wu Jian
Xom
Jiyva

Shops:
D:15 *   Orc:2 [=*=(([=

Annotations:
Elf:1 4 runed translucent doors
Abyss:1 Maggie


Innate Abilities, Weirdness & Mutations

You have hoof-like feet.
You are mostly covered in slimy green scales. (AC +3)
Your demonic aura often causes spilled blood to erupt in flames.
You regenerate magic rapidly.


Message History

You climb downwards.
There is a stone staircase leading up here.
(D) Dungeon (T) Temple (L) Lair (S) Swamp (P) Snake Pit (M) Slime Pits (O) Orcish Mines (E) Elven Halls (V) Vaults (U) Depths
Where to? (Enter - D:10, ? - help)
There is a stone staircase leading down here.
You climb downwards.
There is a stone staircase leading up here.
(D) Dungeon (T) Temple (L) Lair (S) Swamp (P) Snake Pit (M) Slime Pits (O) Orcish Mines (E) Elven Halls (V) Vaults (U) Depths
Where to? (Enter - D:11, ? - help)
There is an open door, spattered with blood here.
You see here a +0 short sword.
There is an open door here.
There is an open door here.
There is a stone staircase leading down here.
You climb downwards.
There is a stone staircase leading up here.
(D) Dungeon (T) Temple (L) Lair (S) Swamp (P) Snake Pit (M) Slime Pits (O) Orcish Mines (E) Elven Halls (V) Vaults (U) Depths
Where to? (Enter - D:12, ? - help)
There is a stone staircase leading down here.
You climb downwards.
There is a stone staircase leading up here.
(D) Dungeon (T) Temple (L) Lair (S) Swamp (P) Snake Pit (M) Slime Pits (O) Orcish Mines (E) Elven Halls (V) Vaults (U) Depths
Where to? (Enter - D:13, ? - help)
There is a stone staircase leading down here.
You climb downwards.
There is a stone staircase leading up, spattered with blood here.
(D) Dungeon (T) Temple (L) Lair (S) Swamp (P) Snake Pit (M) Slime Pits (O) Orcish Mines (E) Elven Halls (V) Vaults (U) Depths
Where to? (Enter - D:14, ? - help)
Okay, then.
Are you sure you want to abandon this character and quit the game? (Confirm with "yes".)

......#######....^.....######..##
####..# #.#######..######..##
####..#######....................
.................................
######..######...................
#..# #..##############...
######..######..##############...
.................................
................@................
.................................
###..###...###...............####
..#######..#######...............
..#.....#..#....∩#...............
..#.....#..#.....#.########......
..#.....#..#.....#.# #......
..#.....#..#.....#.########......
..#.....#..#)....#...............


There were no monsters in sight!

Vanquished Creatures
  A tentacled monstrosity (Snake:1)
  Agnes (D:15)
  An orc warlord (Orc:1)
  Aizul (Snake:1)
  A stone giant (D:15)
  A reaper (IceCv)
  An ironbound preserver (D:14)
  Azrael (Orc:2)
  A boulder beetle (D:15)
  Harold (D:10)
  5 centaur warriors
  8 hydras
  2 anacondas (Snake:1)
  An alligator (Snake:1)
  2 naga warriors (Snake:1)
  3 tengu warriors
  2 two-headed ogres
  3 death yaks
  2 orc high priests
  A shock serpent (Snake:1)
  A soul eater (D:15)
  A sun demon (D:15)
  Urug (D:11)
  4 skeletal warriors (D:13)
  Amaemon (Lair:1)
  Lodul (D:14)
  Pikel (D:4)
  2 swamp dragons (Snake:1)
  3 deep elf zephyrmancers
  2 bog bodies (Lair:2)
  An orc knight (Orc:2)
  4 deep elf pyromancers
  4 manticores
  11 ugly things
  An oklob plant (Lair:5)
  3 cyclopes
  7 black mambas
  A smoke demon (D:15)
  7 elephants (Lair:5)
  A cane toad (shapeshifter) (D:13)
  2 orange demons
  2 ice statues (IceCv)
  2 rust devils (D:15)
  17 cane toads
  A torpor snail (Lair:1)
  17 komodo dragons
  A kobold demonologist (D:12)
  8 rime drakes
  Psyche (D:8)
  2 anaconda simulacra (IceCv)
  2 hellwings (D:15)
  4 ice devils
  A meliai (D:14)
  7 trolls
  4 polar bears
  6 slime creatures
  5 hornets (Lair:5)
  A meliai (shapeshifter) (D:14)
  14 blink frogs
  3 ynoxinuls (D:15)
  A centaur simulacrum (D:15)
  2 wyverns (D:10)
  A vampire (D:8)
  11 spriggans (Lair:5)
  A dire elephant simulacrum (IceCv)
  3 wraiths
  42 yaks
  2 fire elementals (Orc:2)
  4 basilisks
  Eustachio (D:5)
  2 steam dragons
  A death yak simulacrum (IceCv)
  A chaos spawn (D:15)
  2 neqoxecs (D:15)
  15 vampire mosquitoes
  A naga (Snake:1)
  4 wargs
  Menkaure (D:6)
  3 harpy simulacra (IceCv)
  2 swamp worms (Snake:1)
  3 acid dragons
  3 hydra simulacra (IceCv)
  Duvessa (D:6)
  2 hell hounds (Orc:2)
  9 water moccasins
  A swamp drake (Snake:1)
  7 black bears
  19 orc warriors
  A sky beast (D:6)
  3 ice beasts
  24 wolves
  8 boggarts
  8 ogres
  7 centaurs
  3 lemures (D:4)
  11 kobold brigands
  9 bullfrogs
  2 scorpions
  A gnoll sergeant (D:12)
  A wyvern zombie (D:5)
  A cane toad simulacrum (IceCv)
  6 wights
  A water moccasin zombie (D:5)
  Dowan (D:6)
  5 killer bees (D:8)
  5 howler monkeys
  2 centaur zombies (D:5)
  A jelly (D:6)
  4 hounds
  2 bullfrog skeletons (D:5)
  12 orc priests
  A centaur skeleton (D:5)
  2 gnoll boudas
  Terence (D:2)
  4 iguanas
  31 orc wizards
  4 hell rats (Lair:5)
  A troll simulacrum (IceCv)
  A polar bear simulacrum (IceCv)
  18 gnolls
  2 adders
  A naga simulacrum (IceCv)
  4 river rats
  A shadow imp (D:6)
  A white imp (D:7)
  2 ufetubi
  2 adder zombies (D:5)
  4 worms
  2 dart slugs
  69 orcs
  6 bats
  5 endoplasms
  2 giant cockroaches
  4 goblins
  3 hobgoblins
  37 kobolds
  4 quokkas
  7 ball pythons
  2 frilled lizards
  8 rats
688 creatures vanquished.

Vanquished Creatures (collateral kills)
  A two-headed ogre (D:10)
  An elephant (Lair:5)
  An orange demon (D:15)
  A blink frog (Lair:1)
  2 yaks (D:9)
  A howler monkey (D:10)
  An orc (D:10)
8 creatures vanquished.

Vanquished Creatures (others)
  A deep elf pyromancer (D:15)
  A komodo dragon (Lair:3)
  A blink frog (Lair:5)
  A bullfrog (Lair:1)
  A bush (Lair:5)
  6 demonic plants (D:15)
  23 fungi
  68 plants
  17 toadstools (Lair:5)
  A withered plant (D:5)
120 creatures vanquished.

Grand Total: 816 creatures vanquished

Notes
Turn   | Place    | Note
-------+----------+-------------------------------------------
     0 | D:5      | flotson the Demonspawn Delver began the quest for the Orb.
     0 | D:5      | Reached XP level 1. HP: 18/18 MP: 1/1
     5 | D:5      | Noticed a wyvern zombie
     5 | D:5      | Noticed a water moccasin zombie
    18 | D:5      | Noticed a water moccasin
    32 | D:5      | Noticed an iguana
   120 | D:4      | Noticed an orc wizard
   137 | D:4      | Noticed an orc wizard
   224 | D:2      | Noticed Terence
   224 | D:2      | Found a shadowy altar of Dithmenos.
   422 | D:1      | Gained mutation: You are partially covered in slimy green
                  | scales. (AC +2) [demonic ancestry]
   422 | D:1      | Reached XP level 2. HP: 24/24 MP: 2/2
  1405 | D:2      | Reached skill level 1 in Evocations
  1562 | D:2      | Killed Terence
  1563 | D:2      | Reached skill level 1 in Throwing
  1563 | D:2      | Reached skill level 1 in Armour
  1563 | D:2      | Gained mutation: You are mostly covered in slimy green
                  | scales. (AC +3) [demonic ancestry]
  1563 | D:2      | Reached XP level 3. HP: 12/29 MP: 3/3
  3065 | D:3      | Reached XP level 4. HP: 31/35 MP: 4/4
  3785 | D:4      | Noticed a lemure
  3910 | D:4      | Gained mutation: You regenerate magic rapidly. [demonic
                  | ancestry]
  3910 | D:4      | Reached XP level 5. HP: 40/42 MP: 5/5
  4308 | D:4      | Noticed a lemure
  4695 | D:4      | Noticed a lemure
  4697 | D:4      | Noticed Pikel
  4728 | D:4      | Killed a lemure
  5133 | D:4      | Killed a lemure
  5350 | D:4      | Noticed a lemure
  5365 | D:4      | Killed a lemure
  5565 | D:4      | Reached skill level 4 in Fighting
  5565 | D:4      | Gained mutation: Your demonic aura sometimes causes spilled
                  | blood to erupt in flames. [demonic ancestry]
  5565 | D:4      | Reached XP level 6. HP: 44/48 MP: 6/6
  5661 | D:4      | Killed Pikel
  5662 | D:4      | Gained mutation: You have large cloven feet. [demonic
                  | ancestry]
  5662 | D:4      | Reached XP level 7. HP: 29/55 MP: 7/7
  6423 | D:5      | Reached skill level 5 in Fighting
  6522 | D:5      | Reached XP level 8. HP: 48/62 MP: 8/8
  6863 | D:5      | Noticed Eustachio
  7511 | D:5      | Killed Eustachio
  7724 | D:6      | Noticed Duvessa
  7881 | D:6      | Found a glowing drain.
  7906 | Sewer    | Entered a sewer
  8056 | Sewer    | Reached skill level 5 in Dodging
  8108 | Sewer    | Reached skill level 6 in Fighting
  8108 | Sewer    | Reached skill level 5 in Evocations
  8131 | Sewer    | Gained mutation: You have hoof-like feet. [demonic
                  | ancestry]
  8131 | Sewer    | Reached XP level 9. HP: 69/69 MP: 9/9
  8528 | D:6      | Identified the +1 robe "Xuan" {Dex+9}
  8612 | D:6      | Found a staircase to the Ecumenical Temple.
  8621 | Temple   | Entered the Ecumenical Temple
  8677 | Temple   | Became a worshipper of Gozag Ym Sagoz the Greedy
  8886 | D:6      | Noticed Menkaure
  8889 | D:6      | Reached skill level 5 in Throwing
  8890 | D:6      | Reached skill level 5 in Armour
  8895 | D:6      | Killed Menkaure
  8912 | D:6      | Noticed Dowan
  8918 | D:6      | Killed Duvessa
  8919 | D:6      | Killed Dowan
  9485 | D:7      | Reached skill level 7 in Fighting
  9485 | D:7      | Reached skill level 1 in Maces & Flails
  9573 | D:7      | Reached XP level 10. HP: 79/79 MP: 10/10
  9716 | D:7      | Found the +4 skin of Zhor {*Englaciate rC+++ SInv}
 10366 | D:8      | Noticed Psyche
 10374 | D:8      | Killed Psyche
 10375 | D:8      | Reached skill level 1 in Long Blades
 10450 | D:8      | Noticed Maggie
 10471 | D:8      | Banished Maggie
 10833 | D:8      | Reached skill level 8 in Fighting
 11117 | D:8      | Reached XP level 11. HP: 86/86 MP: 11/11
 11774 | D:9      | Found a staircase to the Lair.
 11996 | D:10     | Entered Level 10 of the Dungeon
 11999 | D:10     | Found a sparkling altar of Nemelex Xobeh.
 12115 | D:10     | Noticed Harold
 12133 | D:10     | Killed Harold
 12138 | D:10     | Noticed a two-headed ogre
 12146 | D:10     | Killed a two-headed ogre
 12393 | D:10     | Found a burning altar of Makhleb.
 12398 | D:10     | Found a broken altar of Ashenzari.
 12402 | D:10     | Found an iron altar of Okawaru.
 12405 | D:10     | Found a hide-covered altar of Uskayaw.
 12410 | D:10     | Found a hazy altar of Hepliaklqana.
 12413 | D:10     | Found a radiant altar of Vehumet.
 12783 | Lair:1   | Entered Level 1 of the Lair of Beasts
 12897 | Lair:1   | Noticed a death yak
 12925 | Lair:1   | Killed a death yak
 13026 | Lair:1   | Reached skill level 9 in Fighting
 13144 | Lair:1   | Gained mutation: Your demonic aura often causes spilled
                  | blood to erupt in flames. [demonic ancestry]
 13144 | Lair:1   | Reached XP level 12. HP: 95/95 MP: 12/12
 13334 | Lair:1   | Noticed a seven-headed hydra
 13363 | Lair:1   | Reached skill level 1 in Shields
 13368 | Lair:1   | Killed a seven-headed hydra
 13494 | Lair:1   | Noticed Amaemon
 13617 | Lair:1   | Killed Amaemon
 14500 | Lair:2   | Reached skill level 5 in Long Blades
 14572 | Lair:2   | Found a staircase to the Swamp.
 15127 | Lair:3   | Found a staircase to the Snake Pit.
 15321 | Lair:3   | Identified the +3 leather armour of the Shoals {Int+4}
 15944 | Lair:4   | Reached XP level 13. HP: 103/103 MP: 13/13
 16463 | Lair:4   | Reached skill level 10 in Fighting
 16702 | Lair:5   | Entered Level 5 of the Lair of Beasts
 17099 | Lair:5   | Identified the +7 chain mail of the Hidden Vale {Rampage
                  | Will++ Dex-2 SInv}
 17144 | Lair:5   | Found a viscous altar of Jiyva.
 17144 | Lair:5   | Found a staircase to the Slime Pits.
 17728 | Lair:5   | Reached skill level 10 in Evocations
 17926 | Lair:5   | Found a blossoming altar of Fedhas.
 17942 | Lair:5   | Reached skill level 5 in Shields
 18256 | Lair:5   | Got the Volume of Venomous Misery
 18321 | Lair:5   | Reached XP level 14. HP: 107/111 MP: 14/14
 19177 | D:11     | Noticed Urug
 19187 | D:11     | Killed Urug
 19282 | D:11     | Found a staircase to the Orcish Mines.
 19790 | Orc:1    | Entered Level 1 of the Orcish Mines
 19886 | Orc:2    | Entered Level 2 of the Orcish Mines
 19956 | Orc:2    | Found a staircase to the Elven Halls.
 20071 | Orc:2    | Noticed Azrael
 20144 | Orc:2    | Found Koal Tuh's Jewellery Shoppe.
 20149 | Orc:2    | Bought a +4 ring of slaying for 936 gold pieces
 20237 | Orc:1    | Reached skill level 11 in Fighting
 20313 | Orc:2    | Noticed an orc warlord
 20344 | Orc:1    | Reached skill level 10 in Dodging
 20355 | Orc:1    | Killed an orc warlord
 20398 | Orc:2    | Found Dyaxor's Antique Weapon Shoppe.
 20403 | Orc:2    | Found Guruehast's Antique Armour Emporium.
 20552 | Orc:2    | Killed Azrael
 20671 | Orc:2    | Found Zoluruf's General Store.
 20717 | Orc:2    | Bought a scroll of identify for 22 gold pieces
 20717 | Orc:2    | Bought the amulet "Bominout" {Spirit Will+ MP+9 Int+3 SInv}
                  | for 792 gold pieces
 20717 | Orc:2    | Bought 4 curare-tipped darts for 26 gold pieces
 20717 | Orc:2    | Bought a scroll of teleportation for 33 gold pieces
 20717 | Orc:2    | Bought a potion of curing for 33 gold pieces
 20717 | Orc:2    | Bought a potion of haste for 110 gold pieces
 20910 | Orc:2    | Found Uzxenn's Antique Armour Boutique.
 20941 | Orc:2    | Bought a pair of glowing gloves for 202 gold pieces
 21092 | Orc:2    | Bought a glowing cloak for 172 gold pieces
 21209 | Elf:1    | Entered Level 1 of the Elven Halls
 21209 | Elf:1    | Noticed a deep elf sorcerer
 21209 | Elf:1    | Found a runed translucent gate.
 21209 | Elf:1    | Found a runed translucent gate.
 21209 | Elf:1    | Found a runed translucent gate.
 21209 | Elf:1    | Found a runed translucent gate.
 21209 | Elf:1    | Found a runed translucent gate.
 21209 | Elf:1    | Found a runed translucent gate.
 21215 | Elf:1    | Found a runed translucent door.
 21650 | D:12     | Found a frozen archway.
 21677 | IceCv    | Entered an ice cave
 22417 | IceCv    | Noticed a reaper
 22727 | IceCv    | Killed a reaper
 22969 | D:12     | Reached skill level 10 in Armour
 23056 | D:12     | Reached skill level 10 in Throwing
 24773 | D:14     | Reached XP level 15. HP: 110/119 MP: 15/15
 25538 | D:14     | Noticed Lodul
 25543 | D:14     | Killed Lodul
 25783 | D:14     | Found a gate to the Vaults.
 26475 | D:15     | Entered Level 15 of the Dungeon
 26647 | D:15     | Noticed Agnes
 26996 | D:15     | Found a staircase to the Depths.
 27571 | D:15     | Reached skill level 12 in Fighting
 27946 | D:15     | Killed Agnes
 28699 | D:15     | Found Wennupnuso's Assorted Antiques.
 28789 | D:15     | Bought a potion of haste for 320 gold pieces
 28789 | D:15     | Bought an aquamarine-studded leather armour for 224 gold
                  | pieces
 28789 | D:15     | Identified the +3 leather armour of Pandemonium {rN+
                  | Regen+} (You bought it in a shop on level 15 of the
                  | Dungeon)
 28789 | D:15     | Bought a crude scale mail for 288 gold pieces
 28789 | D:15     | Identified the +1 scale mail of Repulsion {Dex+2} (You
                  | bought it in a shop on level 15 of the Dungeon)
 28789 | D:15     | Bought a potion of heal wounds for 160 gold pieces
 29486 | Orc:2    | Bought a glowing demon blade for 756 gold pieces
 29737 | Snake:1  | Entered Level 1 of the Snake Pit
 29941 | Snake:1  | Noticed Aizul
 29956 | Snake:1  | Killed Aizul
 30269 | Snake:1  | Upgraded the game from 0.30-a0-58-gc0703345a7 to
                  | 0.30-a0-118-ga018f8e90f
 30847 | Snake:1  | Noticed a tentacled monstrosity
 30882 | Snake:1  | Killed a tentacled monstrosity
 30883 | Snake:1  | Reached XP level 16. HP: 49/128 MP: 15/16
 30987 | Snake:1  | Noticed a tentacled monstrosity
 31533 | D:14     | Quit the game

Illustrated notes

Levels and vault maps discovered:
D:1:      saegor_arrival_simple_d, layout_loops_corners,
          minmay_misc_feat_encased
D:2:      layout_basic, basic_altar, uniq_terence
D:3:      layout_loops_corners
D:4:      layout_basic, elyvilon_altar_4, corexii_mini_fake_secret_closet,
          uniq_pikel
D:5:      layout_cave_pools, serial_undead, serial_undead_c, serial_undead_a,
          serial_undead_e, serial_undead_c, uniq_eustachio
D:6:      layout_loops_ring, minmay_temple_entry_antechambers,
          gup_sewer_entry_bubbles, uniq_duvessa, uniq_menkaure
D:7:      layout_cave_pools, zin_treasury, hellmonk_guarded_unrand_zhor
D:8:      layout_loops_ring, serial_co_window_serial, co_window_paths_b,
          co_window_paths_a, co_window_paths_a, co_window_paths_b,
          co_window_corner_a, co_window_corner_a, co_window_of_opportunity_c,
          co_window_of_opportunity_b, co_window_unsneaky_path_d,
          co_window_paths_e, co_window_4corner_a, glass_columns_b, uniq_maggie,
          uniq_psyche
D:9:      layout_basic, erik_lair_orcish_takeover
D:10:     layout_cave_pools, nicolae_overflow_hallway_of_the_gods,
          nemelex_xobeh_ov_fountains_minmay, uniq_harold
D:11:     layout_stronghold, orc_0_dummy, uniq_urug
D:12:     layout_basic, portal_ice_cave_demonic_guard
D:13:     layout_rooms, st_stairs_11, dreamdust_princess_bridge
D:14:     layout_long_grid, skrybe_vaults_entry_preservation,
          chequers_serial_rivers_small_a, uniq_lodul
D:15:     grunt_enter_depths_snipers, layout_grid_maze, serial_demonic,
          serial_demonic_c, serial_demonic_e, serial_demonic_a,
          serial_demonic_g, serial_demonic_a, serial_demonic_c, moated_statue,
          nicolae_inconvenience_store, uniq_agnes
Temple:   nicolae_temple_god_jail
Lair:1:   layout_gridlike, uniq_amaemon
Lair:2:   layout_regular_city, skrybe_swamp_entry_bodies,
          chequers_serial_rivers_room_a
Lair:3:   layout_roguey, dummy_snake_entry, beast_lair_carwin_4,
          grunt_megastairs_5
Lair:4:   layout_regular_city
Lair:5:   minmay_lair_end_enchanted_forest, layout_cave_pods, slime_entry_1,
          tgw_fedhas
Snake:1:  onia_ninara_swampy_vault, layout_onion, serial_bayou_pond_e,
          hellmonk_scale_shop, uniq_aizul
Orc:1:    layout_caves
Orc:2:    grunt_orc_community_town_hall, layout_caves,
          grunt_orc_community_big_house_1, grunt_orc_community_big_house_1,
          grunt_orc_community_house_1, grunt_orc_community_house_3,
          grunt_orc_community_house_3, grunt_orc_community_house_2,
          serial_shops, nicolae_shop_hallway_plus, basic_altar, uniq_azrael
Elf:1:    nicolae_elf_arrival_dilemma, layout_loops_ring, serial_shops,
          nicolae_shop_stone, serial_glass, glass_columns_b, glass_columns_a,
          minivault_28, minmay_shop_grove

Skill      XL: |  1  2  3  4  5  6  7  8  9 10 11 12 13 14 15 16 |
---------------+-------------------------------------------------+-----
Dodging        | 2 3 4 5 6 7 8 9 10 11 | 11.3
Evocations     | 1 2 3 5 6 7 8 9 10 11 | 11.7
Throwing       | 1 2 3 4 5 6 7 8 9 10 | 10.8
Armour         | 1 2 3 4 5 6 7 8 9 10 11 | 11.1
Fighting       | 4 5 6 7 8 9 10 11 12 | 12.4
Maces & Flails | 1 2 |  2.5
Long Blades    | 2 4 5 6 8 |  8.8
Shields        | 3 5 6 7 |  7.5
Axes           | 3 4 |  4.0
Stealth        | |  4.5

Action                   |  1- 3 |  4- 6 |  7- 9 | 10-12 | 13-15 | 16-18 || total
-------------------------+-------+-------+-------+-------+-------+-------++-------
Melee: Hand axe          |    87 |       |       |       |       |       ||    87
       Quarterstaff      |    36 |   127 |       |       |       |       ||   163
       Whip              |       |       |   419 |    49 |       |       ||   468
       Kick              |       |       |   119 |   186 |   445 |     9 ||   759
       Punch             |       |       |     8 |     6 |       |       ||    14
       Long sword        |       |       |       |   509 |  1223 |    20 ||  1752
Throw: Dart              |       |    34 |     6 |     7 |     5 |       ||    52
       Javelin           |       |       |       |       |     6 |       ||     6
Invok: Call Merchant     |       |       |       |       |     3 |       ||     3
Evoke: Wand              |       |       |     2 |     4 |    11 |       ||    17
       Piece from Xom's  |       |       |       |     4 |     1 |       ||     5
       Box of beasts     |       |       |       |     1 |     1 |       ||     2
       Lightning rod     |       |       |       |       |     4 |       ||     4
  Use: Scroll            |     2 |       |     1 |    16 |    16 |     2 ||    37
       Potion            |     1 |       |       |     1 |     1 |     1 ||     4
 Stab: Sleeping          |     6 |       |     3 |    10 |     9 |       ||    28
       Distracted        |       |       |       |     3 |     8 |       ||    11
Armor: Leather armour    |    15 |       |       |       |       |       ||    15
       Scale mail        |    31 |   119 |   180 |    23 |       |       ||   353
       Robe              |       |       |    34 |       |       |       ||    34
       Animal skin       |       |       |       |   191 |   244 |       ||   435
       Chain mail        |       |       |       |       |   527 |    26 ||   553
Dodge: Dodged            |    60 |    82 |   288 |   434 |   784 |    35 ||  1683
Block: Kite shield       |       |       |       |       |   743 |    35 ||   778

Table legend: (Time is in decaauts)
 A = Elapsed time spent in this place.
 B = Non-inter-level travel time spent in this place.
 C = Inter-level travel time spent in this place.
 D = Time resting spent in this place.
 E = Time spent auto-exploring this place.
 F = Levels seen in this place.
 G = Mean time per level.
                   A        B        C        D        E       F      G
               +--------+--------+--------+--------+--------+-----+--------+
         Total |  32163 |  30255 |   1908 |   2246 |  21521 |  27 | 1191.2 |
       Dungeon |  19867 |  18491 |   1376 |   1109 |  13829 |  15 | 1324.5 |
        Temple |     72 |     40 |     32 |      0 |     34 |   1 |   72.0 |
          Lair |   6677 |   6364 |    313 |     43 |   4895 |   5 | 1335.4 |
     Snake Pit |   1332 |   1299 |     33 |    389 |    476 |   1 | 1332.0 |
  Orcish Mines |   2252 |   2100 |    152 |    700 |    866 |   2 | 1126.0 |
   Elven Halls |     46 |     46 |      0 |      0 |      0 |   1 |   46.0 |
         Sewer |    738 |    738 |      0 |      5 |    473 |   1 |  738.0 |
      Ice Cave |   1177 |   1177 |      0 |      0 |    947 |   1 | 1177.0 |
               +--------+--------+--------+--------+--------+-----+--------+

Top non-repeatable levels by time:
     D:4: 2625 daAuts
    D:15: 2463 daAuts
  Lair:5: 2160 daAuts
   Orc:2: 2062 daAuts
    D:14: 1795 daAuts
     D:3: 1529 daAuts
     D:5: 1385 daAuts
 Snake:1: 1332 daAuts
  Lair:2: 1207 daAuts
    D:13: 1179 daAuts
     D:2: 1179 daAuts
   IceCv: 1177 daAuts
     D:1: 1166 daAuts
  Lair:3: 1160 daAuts
  Lair:1: 1158 daAuts
